 Dungeon Crawl Stone Soup version 0.31-a0-263-ge8cad7f256 (webtiles) character file.

Game seed: 3621484855488400164

15 Iniera the Stinger (level 2, -1/15 HPs)
             Began as a Deep Elf Venom Mage on July 13, 2023.
             Slain by a dart slug (2 damage)
             ... on level 1 of the Dungeon.
             The game lasted 00:00:35 (449 turns).

Iniera the Stinger (Deep Elf Venom Mage)             Turns: 449, Time: 00:00:36

Health: -1/15      AC:  2    Str:  5    XL:     2   Next: 34%
Magic:  0/8        EV: 13    Int: 19    God:
Gold:   36         SH:  0    Dex: 15    Spells: 6/7 levels left

rFire   . . .        d - staff of cold
rCold   + . .        (no shield)
rNeg    . . .        a - +0 robe
rPois   .            (no helmet)
rElec   .            (no cloak)
rCorr   .            (no gloves)
SInv    .            (no boots)
Will    .....        (no amulet)
Stlth   ++           (no ring)
HPRegen 0.22/turn    (no ring)
MPRegen 0.11/turn

%: no passive effects
@: no status effects
A: no striking features
a: no special abilities


You were on level 1 of the Dungeon.
You visited 1 branch of the dungeon, and saw 1 of its levels.

You collected 36 gold pieces.

Inventory:

Armour
 a - a +0 robe (worn)
Magical Staves
 d - a staff of cold (weapon)
Scrolls
 e - a scroll of teleportation {unknown}
 f - a scroll of enchant weapon {unknown}
Potions
 b - a potion of magic
 c - a potion of mutation {unknown}
 g - 2 potions of might {unknown}


   Skills:
 + Level 2.7 Dodging
 + Level 2.7 Stealth
 + Level 3.2 Spellcasting
 + Level 0.7 Conjurations
 - Level 1.1 Transmutations
 + Level 0.6 Air Magic
 + Level 3.4 Poison Magic


You had 6 spell levels left.
You knew the following spells:

 Your Spells              Type           Power      Damage    Failure   Level
a - Sting                 Tmut/Pois      44%        1d5       6%          1

Your spell library contained the following spells:

 Spells                   Type           Power      Damage    Failure   Level
 Poisonous Vapours        Pois/Air       20%        N/A       10%         2
 Mephitic Cloud           Conj/Pois/Air  9%         N/A       24%         3
 Olgreb's Toxic Radiance  Pois           15%        N/A       36%         4


Dungeon Overview and Level Annotations

Branches:
Dungeon (1/15)

Altars:

Shops:
D:1 (


Message History

Press: ? - help, Q - select action Shift-Dir - straight line, f/p - kobold
Aim: a kobold, wielding a +0 club (severely wounded, poisoned, 64% to hit)
The sting misses the kobold.
The sting hits the endoplasm but does no damage.
The endoplasm is poisoned.
The kobold hits you with a +0 club.
* * * LOW HITPOINT WARNING * * *
Unknown command.
Aiming: Sting (safe; 6% risk of failure)
Press: ? - help, Q - select action Shift-Dir - straight line, f/p - kobold
Aim: a kobold, wielding a +0 club (severely wounded, poisoned, 64% to hit)
The sting misses the kobold.
The sting hits the endoplasm.
The endoplasm partially resists.
The endoplasm looks even sicker.
The endoplasm is lightly wounded.
You kill the kobold!
Unknown command.
Aiming: Sting (safe; 6% risk of failure)
Press: ? - help, Q - select action Shift-Dir - straight line, f - endoplasm
Aim: an endoplasm (lightly wounded, very poisoned, 98% to hit)
The sting hits the endoplasm but does no damage.
The endoplasm looks even sicker.
The endoplasm is lightly wounded.
The endoplasm closely misses you.
Unknown command.
You don't have enough magic to cast this spell.
Unknown command.
Unknown command.
You hit the endoplasm.
You kill the endoplasm!
The dart slug closely misses you.
Things that are here:
a +0 club; a kobold corpse You hit the dart slug.
The dart slug is moderately wounded.
The dart slug launches a dart at you. The slug dart hits you.
* * * LOW HITPOINT WARNING * * *
The dart slug bites you.
You die...

..... ...#.#......###
#..............)..# # #
#..>###.##.#...##.###
#.##...# ##.#...##....
......###.##.#...####.#
....................# #.#
#............#.#####
.....#w######.####.##
#.†w@..# #.# #...#
.....#.##.# #.# #...#
..##.##.##.###.###...####
#....................#
####.....###..........
##.#..# #..........
#.#..# ##.#...###.
###.#÷.# #.#...###.
...#..# #.#.......


You could see 2 dart slugs.

Vanquished Creatures
  A dart slug (D:1)
  A ball python (D:1)
  2 endoplasms (D:1)
  4 kobolds (D:1)
  A quokka (D:1)
  3 bats (D:1)
  A rat (D:1)
13 creatures vanquished.

Notes
Turn   | Place    | Note
-------+----------+-------------------------------------------
     0 | D:1      | Iniera the Deep Elf Venom Mage began the quest for the Orb.
     0 | D:1      | Reached XP level 1. HP: 10/10 MP: 6/6
    67 | D:1      | Found Cyr Othea's Weapon Shop.
   238 | D:1      | Reached XP level 2. HP: 15/15 MP: 1/8
   449 | D:1      | Slain by a dart slug

Illustrated notes

Levels and vault maps discovered:
D:1:      lemuel_arrival_river_ford, layout_loops_ring, serial_shops, shop,
          amcnicky_mini_corridor_feature

Action                     || total
---------------------------++-------
  Melee: Staff             ||     3
         Unarmed           ||     1
         Punch             ||     1
   Cast: Sting             ||    23
 Armour: Robe              ||     3
  Dodge: Dodged            ||     9

Table legend: (Time is in decaauts)
 A = Elapsed time spent in this place.
 B = Non-inter-level travel time spent in this place.
 C = Inter-level travel time spent in this place.
 D = Time resting spent in this place.
 E = Time spent auto-exploring this place.
 F = Levels seen in this place.
 G = Mean time per level.
                   A        B        C        D        E       F      G
               +--------+--------+--------+--------+--------+-----+--------+
         Total |    450 |    450 |      0 |      0 |    379 |   1 |  450.0 |
       Dungeon |    450 |    450 |      0 |      0 |    379 |   1 |  450.0 |
               +--------+--------+--------+--------+--------+-----+--------+

Top non-repeatable levels by time:
     D:1: 450 daAuts
